 Dungeon Crawl Stone Soup version 0.28.0-55-gcd9437bce4 (webtiles) character file.

Game seed: 5724168022713550918

84 tkbsonic5 the Firebug (level 4, -1/34 HPs)
             Began as a Hill Orc Fire Elementalist on Dec 15, 2022.
             Slain by a goblin
             ... wielding a +0 club
             ... led by Robin
              (2 damage)
             ... on level 3 of the Dungeon.
             The game lasted 00:12:08 (2371 turns).

tkbsonic5 the Firebug (Hill Orc Fire Elementalist)  Turns: 2371, Time: 00:12:11

Health: -1/34      AC:  6    Str: 10    XL:     4   Next: 46%
Magic:  2/7        EV: 10    Int: 17    God:
Gold:   54         SH:  0    Dex: 11    Spells: 2/7 levels left

rFire   . . .      SeeInvis .   n - +0 quarterstaff (spect)
rCold   . . .      Faith    .   (shield currently unavailable)
rNeg    . . .      Spirit   .   d - +0 ring mail
rPois   .          Reflect  .   (no helmet)
rElec   .          Harm     .   (no cloak)
rCorr   .          Rampage  .   r - +0 pair of gloves
Will    .....                   (no boots)
Stlth   +.........              (no amulet)
HPRegen 0.11/turn               (no ring)
MPRegen 0.10/turn               (no ring)

@: weak-willed, on berserk cooldown, attractive, slowed, very slow
A: no striking features
a: no special abilities


You were on level 3 of the Dungeon.
You visited 1 branch of the dungeon, and saw 3 of its levels.

You collected 54 gold pieces.

Inventory:

Hand Weapons
 b - a +0 spear
 e - a +0 hunting sling
 g - a +5 triple crossbow of flaming
 n - a +0 spectral quarterstaff (weapon)
Missiles
 p - a bolt
Armour
 a - a +0 robe
 d - a +0 ring mail (worn)
 r - a +0 pair of gloves (worn)
Scrolls
 f - a scroll of identify {unknown}
 i - a scroll of brand weapon {unknown}
 l - a scroll of immolation {unknown}
 m - a scroll of enchant armour {unknown}
Potions
 c - a potion of brilliance {unknown}
 o - a potion of attraction


   Skills:
 + Level 0.9 Fighting
 + Level 0.6 Staves
 * Level 0.8 Crossbows
 + Level 1.1 Armour
 - Level 1.5 Dodging
 - Level 1.5 Stealth
 * Level 2.1 Spellcasting
 * Level 2.0 Conjurations
 * Level 3.7 Fire Magic
 + Level 0.3 Air Magic
 + Level 0.2 Poison Magic


You had 2 spell levels left.
You knew the following spells:

 Your Spells              Type           Power      Damage    Failure   Level
a - Mephitic Cloud        Conj/Pois/Air  4%         N/A       71%         3
b - Scorch                Fire           28%        2d6       16%         2

Your spell library contained the following spells:

 Spells                   Type           Power      Damage    Failure   Level
 Foxfire                  Conj/Fire      44%        2x1d6     14%         1
 Conjure Flame            Conj/Fire      11%        6-21      41%         3
 Inner Flame              Hex/Fire       8%         N/A       54%         3
 Ignite Poison            Fire/Tmut/Pois 6%         N/A       63%         3
 Flame Wave               Conj/Fire      11%        2d5       82%         4
 Freezing Cloud           Conj/Ice/Air   2%         6-21      100%        5


Dungeon Overview and Level Annotations

Branches:
Dungeon (3/15)

Altars:


Message History

Robin throws the goblin at you!
The hobgoblin misses your +0 spectral quarterstaff.
The goblin barely misses your +0 spectral quarterstaff.
The goblin hits you but does no damage.
You barely miss Robin.
Robin is almost dead.
Your +0 spectral quarterstaff hits Robin!
You kill Robin!
The goblin completely misses you. The goblin hits you with a +0 club.
The goblin barely misses you. The hobgoblin closely misses you.
The hobgoblin misses your +0 spectral quarterstaff.
The goblin hits you with a +0 club.
The goblin completely misses your +0 spectral quarterstaff.
Your Conjurations skill increases to level 2!
You miss the goblin.
Your +0 spectral quarterstaff hits the goblin!
You kill the goblin!
You are no longer berserk.
You are exhausted.
You feel yourself slow down. The goblin hits you with a +0 club.
* * * LOW HITPOINT WARNING * * *
The hobgoblin closely misses you. The goblin hits you with a +0 club.
* * * LOW HITPOINT WARNING * * *
You feel better. The goblin hits you with a +0 club.
* * * LOW HITPOINT WARNING * * *
The goblin closely misses you. x2
The hobgoblin hits you but does no damage.
The goblin hits you with a +0 club.
* * * LOW HITPOINT WARNING * * *
The goblin hits you but does no damage. x2; The hobgoblin hits you.
* * * LOW HITPOINT WARNING * * *
The hobgoblin is attracted toward you.
As you read the scroll labelled XAFYDDA DOACEDEJA, it crumbles to dust.
Magic quickly surges around you.
It was a scroll of vulnerability.
The goblin misses you. The hobgoblin hits you.
* * * LOW HITPOINT WARNING * * *
The goblin barely misses you. The goblin hits you with a +0 dagger.
* * * LOW HITPOINT WARNING * * *
The goblin hits you with a +0 club.
You die...

#. #.......... #.
#......... #o
#......... ##########{
#....... #.........#
#......## #.#........
#....g..# #.###......
#...gg§.# #.......)..
#..gg@g.# ####.......
#...ggg##.......##....
#...gK.########.##...#
#......# ####...#
#.......# .....
#....#... ##....
#....#... <....
#....#....


You could see 2 hobgoblins, 8 goblins and a kobold (weak-willed).

Vanquished Creatures
  Robin (D:3)
  2 adders
  An ufetubus (D:2)
  4 orcs (D:3)
  3 endoplasms
  2 giant cockroaches (D:2)
  9 goblins
  A hobgoblin (D:3)
  2 kobolds (D:1)
  A quokka (D:2)
  A ball python (D:3)
  5 bats
  4 frilled lizards
  11 rats
47 creatures vanquished.

Vanquished Creatures (others)
  28 foxfires (D:1)
28 creatures vanquished.

Grand Total: 75 creatures vanquished

Notes
Turn   | Place    | Note
-------+----------+-------------------------------------------
     0 | D:1      | tkbsonic5 the Hill Orc Fire Elementalist began the quest
                  | for the Orb.
     0 | D:1      | Reached XP level 1. HP: 14/14 MP: 3/3
   232 | D:1      | Reached XP level 2. HP: 22/22 MP: 0/4
   288 | D:1      | Learned a level 2 spell: Scorch
   614 | D:1      | Found a faded altar of an unknown god.
   672 | D:1      | Identified 2 scrolls of acquirement
   672 | D:1      | Acquired a +0 spectral quarterstaff
  1228 | D:2      | Reached XP level 3. HP: 24/27 MP: 2/5
  1276 | D:2      | Acquired a +5 triple crossbow of flaming
  1430 | D:2      | Learned a level 3 spell: Mephitic Cloud
  1779 | D:2      | Reached skill level 1 in Armour
  2350 | D:3      | Reached XP level 4. HP: 27/34 MP: 4/6
  2362 | D:3      | Noticed Robin
  2368 | D:3      | Killed Robin
  2371 | D:3      | HP: 1/34 [goblin/+0 dagger[Robin] (2)]
  2371 | D:3      | Slain by a goblin

Illustrated notes

Levels and vault maps discovered:
D:1:      heliophobic_arrival_enchanted_forest, layout_basic,
          dreamdust_ecumenical_altar_statues
D:2:      layout_loops_corners, minmay_rat_gold_closets
D:3:      layout_basic, minmay_misc_feat_enclosed, uniq_robin

Skill      XL: |  1  2  3  4 |
---------------+-------------+-----
Armour         | 1 |  1.1
Spellcasting   | 2 |  2.1
Conjurations   | 2 |  2.0
Fighting       | |  0.9
Staves         | |  0.6
Crossbows      | |  0.8
Dodging        | |  1.5
Stealth        | |  1.5
Fire Magic     | |  3.7
Air Magic      | |  0.3
Poison Magic   | |  0.2

Action                   |  1- 3 |  4- 6 || total
-------------------------+-------+-------++-------
Melee: Spear             |     4 |       ||     4
       Quarterstaff      |    10 |    10 ||    20
 Fire: Triple crossbow   |    23 |     3 ||    26
 Cast: Foxfire           |    19 |       ||    19
       Scorch            |    16 |     1 ||    17
  Use: Scroll            |     4 |     2 ||     6
       Potion            |       |     4 ||     4
Armor: Robe              |     2 |       ||     2
       Ring mail         |    12 |    17 ||    29
Dodge: Dodged            |    26 |    15 ||    41
